Map: 2000 Atmospheres LE

Players

Astrea - Winner!

  • Race: Protoss Protoss

Asuna

  • Race: Protoss Protoss

Event: DreamHack SC2 Masters 2021 Winter

VOD

Have the link to the VOD?

Description

Time

  • Played on: Oct. 13, 2021, 5:09 p.m.
  • Length: 16:38

All games in this series

Show
View Real Time Build Order
Export as new Build Order

Astrea Protoss - Winner!

Build Orders:  

Get SALT Encoding   

  12  0:00  Probe  
  13  0:12  Probe  
  14  0:17  Pylon  
  14  0:24  Probe (Chrono Boost)  
  16  0:36  Probe (Chrono Boost)  
  16  0:37  Gateway  
  16  0:43  Probe (Chrono Boost)  
  16  0:45  Assimilator  
  17  0:51  Probe  
  17  0:55  Assimilator  
  18  1:03  Probe (Chrono Boost)  
  19  1:07  Gateway  
  19  1:12  Probe (Chrono Boost)  
  19  1:17  Probe (Chrono Boost)  
  20  1:24  Cybernetics Core  
  21  1:29  Probe  
  22  1:34  Pylon  
  22  1:41  Probe  
  23  1:54  Probe  
  24  1:59  Warp Gate (Chrono Boost)  
  24  2:00  Stalker x2  
  28  2:15  Pylon  
  28  2:30  Stalker  
  28  2:33  Stalker  
  32  2:52  Probe  
  33  3:00  Stalker  
  33  3:01  Shield Battery  
  33  3:03  Stalker  
  37  3:14  Probe  
  33  3:27  Probe, Pylon  
  35  3:43  Nexus  
  34  3:50  Stalker  
  34  3:55  Probe  
  37  4:02  Sentry  
  39  4:07  Probe  
  40  4:19  Robotics Facility, Probe, Pylon  
  40  4:20  Phoenix  
  40  4:23  Sentry  
  43  4:28  Zealot  
  45  4:32  Probe  
  46  4:44  Probe  
  47  4:56  Probe  
  47  4:58  Probe  
  49  5:06  Shield Battery  
  49  5:07  Immortal (Chrono Boost)  
  45  5:08  Probe  
  50  5:16  Pylon  
  50  5:20  Stalker  
  48  5:27  Stalker  
  50  5:38  Warp Prism (Chrono Boost)  
  52  5:44  Sentry  
  52  5:47  Probe x2  
  56  5:50  Stalker  
  56  5:56  Pylon  
  58  6:02  Observer (Chrono Boost)  
  59  6:05  Observer  
  59  6:07  Stalker  
  63  6:15  Stalker  
  64  6:21  Immortal (Chrono Boost)  
  64  6:24  Probe x2  
  68  6:28  Phoenix  
  68  6:30  Stalker  
  70  6:39  Probe x2  
  67  6:47  Stalker  
  67  6:51  Probe x2  
  71  6:57  Immortal (Chrono Boost)  
  75  7:03  Probe x2  
  75  7:06  Pylon  
  77  7:11  Observer  
  77  7:15  Probe  
  78  7:24  Probe (Chrono Boost)  
  78  7:25  Twilight Council  
  78  7:28  Probe (Chrono Boost)  
  78  7:29  Assimilator  
  80  7:35  Probe (Chrono Boost)  
  82  7:37  Probe (Chrono Boost)  
  82  7:40  Probe (Chrono Boost)  
  82  7:42  Probe (Chrono Boost)  
  84  7:45  Forge  
  84  7:50  Probe  
  85  7:53  Pylon  
  85  7:54  Probe  
  86  8:02  Blink (Chrono Boost)  
  86  8:07  Pylon  
  86  8:11  Immortal, Assimilator  
  91  8:14  Stalker  
  92  8:24  Protoss Ground Weapons Level 1 (Chrono Boost)  
  88  8:31  Nexus  
  88  8:46  Stalker x2  
  88  8:47  Probe  
  83  8:49  Probe  
  74  8:59  Probe  
  74  9:01  Probe  
  76  9:03  Gateway  
  76  9:04  Gateway, Shield Battery  
  76  9:10  Stalker x2  
  76  9:11  Probe  
  76  9:12  Dark Shrine  
  76  9:13  Probe  
  82  9:20  Observer  
  82  9:23  Probe  
  84  9:25  Probe  
  85  9:32  Gateway x2  
  85  9:35  Probe  
  85  9:38  Stalker x2  
  90  9:43  Probe x2  
  92  9:47  Charge  
  92  9:50  Observer  
  92  9:56  Probe  
  92  9:57  Probe  
  94  10:00  Photon Cannon  
  94  10:02  Assimilator  
  94  10:13  Stalker x4  
  102  10:19  Shield Battery  
  102  10:20  Shield Battery  
  102  10:27  Stalker x2  
  106  10:37  Stalker x2, Dark Templar  
  106  10:38  Stalker  
  114  10:52  Dark Templar  
  114  10:55  Protoss Ground Weapons Level 2 (Chrono Boost), Pylon  
  114  10:57  Pylon x2  
  116  11:15  Stalker x4  
  116  11:17  Stalker, Observer  
  126  11:25  Shield Battery  
  126  11:27  Photon Cannon  
  126  11:29  Stalker  
  127  11:41  Stalker x5  
  135  12:06  Nexus  
  117  12:15  Stalker x6  
  89  12:41  Stalker x6  
  89  12:43  Probe  
  97  12:44  Observer, Probe  
  97  12:48  Observer  
  96  12:53  Nexus, Probe  
  96  12:54  Pylon  
  96  12:58  Probe x2  
  93  13:01  Assimilator  
  93  13:05  Stalker x5, Probe  
  104  13:10  Probe x2  
  104  13:11  Stalker  
  108  13:18  Protoss Ground Weapons Level 3 (Chrono Boost)  
  108  13:19  Probe  
  109  13:20  Shield Battery  
  109  13:22  Probe  
  110  13:36  Stalker x3  
  110  13:40  Robotics Bay  
  116  13:41  Photon Cannon  
  116  13:44  Observer  
  116  13:45  Stalker  
  116  13:47  Probe x3  
  121  13:56  Pylon  
  121  13:59  Probe  
  121  14:00  Probe  
  121  14:01  Shadow Stride  
  122  14:10  Probe  
  122  14:13  Nexus  
  122  14:16  Robotics Facility  
  123  14:17  Assimilator  
  123  14:20  Assimilator  
  123  14:27  Stalker x5  
  133  14:46  Disruptor (Chrono Boost)  
  136  14:57  Stalker x6  
  148  15:02  Gateway  
  138  15:12  Observer  
  138  15:13  Disruptor x2 (Chrono Boost)  
  131  15:18  Observer  
  133  15:21  Stalker x2  
  133  15:22  Stalker x4  
  145  15:38  Disruptor (Chrono Boost)  
  145  15:40  Disruptor  
  151  15:43  Nexus  
  151  15:45  Zealot x6  
  163  15:51  Pylon  
  156  16:07  Stalker x4  
  156  16:08  Stalker  
Show
View Real Time Build Order
Export as new Build Order

Asuna Protoss 

Build Orders: Oracle Opening 

Get SALT Encoding   

  12  0:00  Probe  
  13  0:12  Probe  
  14  0:17  Pylon  
  14  0:24  Probe (Chrono Boost)  
  15  0:37  Gateway, Probe (Chrono Boost)  
  16  0:46  Assimilator, Probe (Chrono Boost)  
  17  0:51  Probe  
  17  0:54  Assimilator  
  18  1:03  Probe (Chrono Boost)  
  19  1:07  Gateway  
  19  1:15  Probe (Chrono Boost)  
  20  1:20  Probe (Chrono Boost)  
  20  1:24  Cybernetics Core  
  21  1:29  Probe  
  22  1:34  Pylon  
  22  1:41  Probe  
  24  2:01  Stargate  
  24  2:02  Adept  
  24  2:04  Adept  
  24  2:05  Probe  
  28  2:12  Pylon  
  28  2:17  Warp Gate  
  28  2:19  Probe  
  29  2:29  Pylon  
  29  2:42  Pylon  
  29  2:43  Oracle (Chrono Boost)  
  29  2:50  Stalker  
  34  2:52  Probe  
  35  3:09  Probe, Pylon  
  36  3:21  Probe  
  36  3:24  Stalker x2  
  37  3:32  Shield Battery  
  37  3:43  Shield Battery  
  37  3:44  Probe  
  37  3:46  Twilight Council  
  38  4:03  Shield Battery  
  38  4:09  Probe  
  39  4:10  Pylon x2  
  39  4:22  Void Ray  
  39  4:29  Dark Shrine  
  39  4:30  Gateway  
  43  4:36  Stalker  
  45  5:08  Nexus  
  45  5:09  Stalker  
  45  5:10  Stalker  
  49  5:16  Blink (Chrono Boost), Probe  
  50  5:25  Forge  
  50  5:28  Pylon  
  50  5:32  Probe  
  51  5:44  Probe  
  51  5:48  Stalker x2  
  56  5:52  Stalker  
  58  6:07  Probe  
  59  6:11  Adept  
  59  6:12  Adept  
  63  6:20  Probe  
  63  6:25  Probe  
  65  6:39  Probe  
  66  6:42  Protoss Ground Weapons Level 1 (Chrono Boost)  
  65  6:47  Probe (Chrono Boost)  
  65  6:52  Probe (Chrono Boost)  
  64  6:58  Stalker  
  64  7:00  Assimilator  
  68  7:03  Probe x2 (Chrono Boost)  
  68  7:04  Stalker  
  68  7:05  Stalker  
  68  7:07  Probe (Chrono Boost)  
  72  7:10  Probe  
  72  7:11  Pylon  
  74  7:18  Probe  
  75  7:24  Nexus  
  75  7:32  Stalker x2  
  75  7:33  Stalker  
  81  7:38  Gateway  
  80  7:44  Gateway, Charge  
  80  7:49  Pylon  
  78  8:09  Pylon  
  78  8:10  Gateway  
  78  8:12  Gateway  
  78  8:16  Stalker x2  
  82  8:20  Pylon  
  80  8:34  Stalker  
  80  8:40  Stalker x3  
  88  8:47  Probe x3  
  81  8:57  Pylon  
  81  8:59  Probe x3  
  81  9:02  Photon Cannon  
  84  9:04  Photon Cannon  
  84  9:11  Probe  
  84  9:13  Templar Archives  
  85  9:18  Photon Cannon  
  85  9:19  Sentry  
  87  9:25  Zealot x2  
  87  9:26  Zealot  
  93  9:33  Zealot x2  
  97  9:43  Gateway  
  97  9:44  Gateway  
  97  9:57  Zealot x2, High Templar x4  
  109  10:01  Pylon  
  109  10:02  Gateway, Archon  
  109  10:07  Archon  
  109  10:08  Photon Cannon  
  108  10:25  High Templar x2  
  112  10:31  Archon  
  109  10:36  Zealot x4  
  109  10:38  Pylon  
  109  10:42  Pylon  
  117  10:44  Pylon  
  117  10:45  Pylon  
  117  10:52  Void Ray (Chrono Boost)  
  121  10:58  Pylon  
  121  11:01  Robotics Facility  
  121  11:07  Nexus, Protoss Ground Weapons Level 2 (Chrono Boost)  
  121  11:08  Pylon  
  117  11:12  Probe x2  
  117  11:17  Zealot x3  
  117  11:18  Zealot x4  
  133  11:24  Shield Battery  
  133  11:25  Probe  
  133  11:26  Probe  
  133  11:33  Probe  
  133  11:34  Photon Cannon  
  133  11:38  Probe x2  
  136  11:43  Zealot, Shield Battery  
  136  11:44  Zealot  
  136  11:45  Probe  
  138  11:49  Observer (Chrono Boost)  
  138  11:50  Probe x2  
  136  11:58  Shield Battery  
  136  12:01  Zealot x2, Pylon  
  130  12:08  Immortal (Chrono Boost)  
  120  12:14  High Templar  
  118  12:16  Zealot x2  
  118  12:17  High Templar  
  90  12:38  Archon  
  90  12:42  Zealot  
  90  12:43  Zealot x6  
  86  12:53  Immortal (Chrono Boost)  
  84  13:00  Probe x3 (Chrono Boost)  
  84  13:01  Stalker x2, Probe (Chrono Boost)  
  84  13:04  Stalker  
  84  13:05  Zealot x4  
  100  13:12  Probe x2 (Chrono Boost)  
  104  13:16  Zealot x2, Probe (Chrono Boost)  
  110  13:20  Probe x3 (Chrono Boost)  
  110  13:22  Probe (Chrono Boost)  
  110  13:27  Probe x2  
  114  13:30  Observer (Chrono Boost)  
  112  13:39  Sentry  
  114  13:42  Nexus  
  114  13:45  Immortal (Chrono Boost), Pylon  
  118  13:53  Zealot  
  118  13:54  Zealot x4  
  126  14:02  Gateway  
  125  14:05  Photon Cannon  
  125  14:06  Photon Cannon  
  125  14:09  Shield Battery  
  125  14:14  Zealot  
  125  14:16  Immortal (Chrono Boost)  
  131  14:29  High Templar  
  131  14:30  Zealot x2, High Templar  
  131  14:31  Zealot x4  
  146  14:32  Pylon  
  146  14:35  Archon  
  146  14:37  Probe x2  
  148  14:41  Zealot  
  146  14:45  Warp Prism (Chrono Boost)  
  146  14:49  Shield Battery  
  146  14:50  Photon Cannon  
  148  14:57  Zealot x5  
  148  15:12  Immortal (Chrono Boost)  
  132  15:24  Probe x4  
  132  15:25  Probe  
  135  15:35  Zealot x7  
  139  15:36  Zealot x3  
  155  15:44  Observer  
  118  16:06  Zealot x7  
  118  16:07  Zealot x3  

Tags
 
Add a new tag
Caveats
  • Supply blocks, unpowered buildings, or Contaminate may cause inaccurate times.
  • Supply counts are checked every 10 seconds.